 Dungeon Crawl Stone Soup version 0.19.1 (webtiles) character file.

95 Drake the Conjurer (level 4, -4/22 HPs)
             Began as a Deep Elf Conjurer on May 22, 2017.
             Was a Follower of Hepliaklqana.
             Slain by an ogre
             ... wielding a +0 giant club
              (14 damage)
             ... on level 3 of the Dungeon.
             The game lasted 00:12:10 (2445 turns).

Drake the Conjurer (Deep Elf Conjurer)              Turns: 2445, Time: 00:12:10

Health: -4/22      AC: 10    Str:  5    XL:     4   Next: 40%
Magic:  7/12       EV:  6    Int: 21    God:    Hepliaklqana [*.....]
Gold:   141        SH:  0    Dex: 15    Spells: 1 memorised, 10 levels left

rFire  + + .     SeeInvis +     n - +2 dagger (venom)
rCold  x . .     Gourm    .     c - +0 scale mail
rNeg   . . .     Faith    .     (no shield)
rPois  .         Spirit   .     (no helmet)
rElec  .         Reflect  .     i - +2 cloak
rCorr  .         Harm     .     g - +0 pair of gloves (curse)
MR     .....                    (no boots)
Stlth  +.........               (no amulet)
                                (no ring)
                                h - ring of fire

@: very slightly contaminated
A: reduced essence, talons 1, see invisible, fire resistance 1
a: Recall Ancestor, Ancestor Identity, Renounce Religion


You were on level 3 of the Dungeon.
You worshipped Hepliaklqana.
Hepliaklqana was aware of your devotion.
You were not hungry.

You visited 1 branch of the dungeon, and saw 3 of its levels.

You collected 141 gold pieces.

Inventory:

Hand Weapons
 n - a +2 dagger of venom (weapon)
Armour
 a - a +0 robe
 c - a +0 scale mail (worn)
 e - a +0 buckler
 g - a cursed +0 pair of gloves (worn)
 i - a +2 cloak (worn)
Jewellery
 h - a ring of fire (left hand)
 q - a +4 ring of evasion {unknown}
Wands
 o - a wand of polymorph (13/24)
Scrolls
 j - a scroll of teleportation {unknown}
 k - 4 scrolls of remove curse
 l - a scroll of identify
Potions
 f - a potion of curing
 p - a potion of heal wounds {unknown}
 r - a potion of flight {unknown}
Books
 b - a book of Conjurations

   Spells                             Type                      Level
   a - Magic Dart                     Conjuration                  1
   b - Searing Ray                    Conjuration                  2
   c - Dazzling Spray                 Conjuration/Hexes            3
   d - Fulminant Prism                Conjuration/Hexes            4
   e - Iskenderun's Mystic Blast      Conjuration                  4
   f - Iskenderun's Battlesphere      Conjuration/Charms           5
Comestibles
 d - a beef jerky
 m - a slice of pizza


   Skills:
 - Level 1.3 Fighting
 - Level 2.4 Dodging
 - Level 2.4 Stealth
 * Level 1.0 Shields
 + Level 4.0 Spellcasting
 + Level 5.3 Conjurations


You had 10 spell levels left.
You knew the following spells:

 Your Spells              Type           Power        Failure   Level  Hunger
a - Magic Dart            Conj           ####         38%         1    None


Dungeon Overview and Level Annotations

Branches:
Dungeon (3/15)

Altars:
Hepliaklqana


Innate Abilities, Weirdness & Mutations

Your life essence is reduced. (-10% HP)
You have sharp toenails.
You have supernaturally acute eyesight. (SInv)
Your flesh is heat resistant. (rF+)


Message History

The magic dart hits the giant cockroach.
You kill the giant cockroach!
Casting: Magic Dart
Confirm with . or Enter, or press ? or * to list all spells.
Aiming: Magic Dart
Press: ? - help, Shift-Dir - straight line, f - ogre
Aim: an ogre, wielding a giant club (lightly wounded)
You miscast Magic Dart.
You feel a strange surge of energy! The ogre hits you with a giant club!
Numeria hits the ogre.
Okay, then.
Numeria hits the ogre.
Found 2 arrows.
You hear the rusting of a drain nearby.
Found a stone staircase leading down.
You enter the shallow water.
Moving in this stuff is going to be slow.
The ogre barely misses you. The ogre hits you with a giant club!
Ouch! That really hurt!
You die...

.####.......#...####.#.#
................+....>.#.#
############ #≈≈.........#
....# #≈≈≈..####### ###.#
#≈#...# #≈≈≈..# #R#≈..#
###.# #≈O≈≈.# ....#
#≈#@..# ###.# #≈#≈...#
≈≈#....# ####....# .......
....#### # ....# ###.#
.....# ....#


You could see the friendly Numeria the ancestor and an ogre.

Vanquished Creatures
  2 worms (D:2)
  2 dart slugs
  2 leopard geckos
  2 orcs (D:3)
  7 bats
  4 giant cockroaches
  6 goblins
  7 hobgoblins
  8 jackals
  A quokka (D:2)
  2 ball pythons (D:2)
  6 frilled lizards
  7 kobolds
56 creatures vanquished.

Vanquished Creatures (collateral kills)
  An adder (D:3)
  An ooze (D:3)
  A bat (D:3)
  A frilled lizard (D:3)
4 creatures vanquished.

Grand Total: 60 creatures vanquished

Notes
Turn   | Place    | Note
-------+----------+-------------------------------------------
     0 | D:1      | Drake the Deep Elf Conjurer began the quest for the Orb.
     0 | D:1      | Reached XP level 1. HP: 10/10 MP: 6/6
   226 | D:1      | Reached XP level 2. HP: 15/15 MP: 2/8
   300 | D:1      | Gained mutation: You have supernaturally acute eyesight. (SInv) [potion of mutation]
   300 | D:1      | Gained mutation: You have sharp toenails. [potion of mutation]
   300 | D:1      | Gained mutation: Your flesh is heat resistant. (rF+) [potion of mutation]
   758 | D:1      | Reached skill level 5 in Conjurations
   900 | D:1      | Reached skill level 1 in Fighting
   923 | D:1      | Reached XP level 3. HP: 20/20 MP: 6/9
  1861 | D:2      | Found a hazy altar of Hepliaklqana.
  1875 | D:2      | Became a worshipper of Hepliaklqana the Forgotten
  2195 | D:3      | Reached XP level 4. HP: 22/22 MP: 11/11
  2405 | D:3      | Noticed an ogre
  2416 | D:3      | Reached skill level 1 in Shields
  2440 | D:3      | Reached * piety under Hepliaklqana
  2445 | D:3      | Slain by an ogre

Skill      XL: |  1  2  3  4 |
---------------+-------------+-----
Conjurations   | 5 |  5.3
Fighting       | 1 |  1.3
Shields        | 1 |  1.0
Spellcasting   | 4 |  4.0
Dodging        | |  2.4
Stealth        | |  2.4

Action                   |  1- 3 |  4- 6 || total
-------------------------+-------+-------++-------
Melee: Short sword       |    31 |       ||    31
       Kick              |     5 |     4 ||     9
       Dagger            |     4 |    24 ||    28
 Cast: Magic Dart        |    85 |     4 ||    89
  Use: Potion            |     2 |       ||     2
       Scroll            |     7 |       ||     7
 Stab: Sleeping          |     1 |       ||     1
  Eat: Bread ration      |     1 |       ||     1
Armor: Robe              |    12 |       ||    12
       Scale mail        |     8 |    24 ||    32
Dodge: Dodged            |    22 |    15 ||    37
